 Dungeon Sprint DCSS version 0.19-a0-1740-g0bcaf2e (webtiles) character file.

581 George the Fighter (level 7, -3/70 HPs)
             Began as a Minotaur Fighter on Oct 1, 2016.
             Was a Priest of Cheibriados.
             Slain by a cyan ugly thing (9 damage)
             ... in the Dungeon (Sprint IX: "|||||||||||||||||||||||||||||").
             The game lasted 00:03:22 (332 turns).

George the Fighter (Minotaur Fighter)                Turns: 332, Time: 00:03:23

Health: -3/70      AC: 11    Str: 27    XL:     7   Next: 13%
Magic:  2/9        EV: 13    Int: 12    God:    Cheibriados [***...]
Gold:   0          SH: 13    Dex: 22    Spells: 0 memorised, 6 levels left

rFire  . . .     SeeInvis .     a - +0 long sword
rCold  . . .     Gourm    .     q - +1 scale mail
rNeg   . . .     Faith    .     c - +0 shield
rPois  .         Spirit   .     (helmet restricted)
rElec  .         Dismiss  .     (no cloak)
rCorr  .         Reflect  .     (no gloves)
MR     .....     Harm     .     (no boots)
Stlth  .......... NoTele   +    (no amulet)
                                r - +3 ring of dexterity
                                b - +2 ring of protection

@: very slow
A: retaliatory headbutt, horns 2
a: Bend Time, Temporal Distortion, Renounce Religion


You were in the Dungeon.
You worshipped Cheibriados.
Cheibriados was most pleased with you.
You were not hungry.

You visited 1 branch

Inventory:

Hand Weapons
 a - a +0 long sword (weapon)
 p - a +2 rapier of electrocution
Armour
 c - a +0 shield (worn)
 q - a +1 scale mail (worn)
Jewellery
 b - a +2 ring of protection (left hand)
 r - a +3 ring of dexterity (right hand)
Wands
 o - a wand of iceblast (7/15)
Scrolls
 k - 2 scrolls of blinking
 m - 3 scrolls of remove curse
 n - 2 scrolls of amnesia
Potions
 d - a potion of might
 e - 5 potions of curing
 g - 3 potions of heal wounds
 i - 4 potions of magic
 j - a potion of berserk rage
 l - a potion of invisibility
Comestibles
 f - a bread ration
 h - a chunk of flesh


   Skills:
 + Level 9.3 Fighting
 + Level 8.8 Long Blades
 + Level 9.3 Armour
 + Level 4.3 Dodging
 + Level 9.3 Shields
 + Level 4.0 Invocations


You had 6 spell levels left.
You didn't know any spells.

Dungeon Overview and Level Annotations

Branches:
Dungeon (1/1)

Altars:
Cheibriados
Dithmenos
Elyvilon
Fedhas
Gozag
Hepliaklqana
Kikubaaqudgha
Makhleb
Nemelex Xobeh
Okawaru
Qazlal
Ru
Sif Muna
Trog
Uskayaw
Vehumet
Xom
Yredelemnul
Zin
The Shining One
Beogh
Jiyva
Lugonu


Innate Abilities, Weirdness & Mutations

You reflexively headbutt those who attack you in melee.
You have a pair of horns on your head.


Message History

The cyan ugly thing resists with some effort.
You feel slightly more hungry. You block the cyan ugly thing's attack.
You don't have enough magic at the moment.
You hit the cyan ugly thing but do no damage.
You headbutt the cyan ugly thing, but do no damage.
The kobold demonologist miscasts a cantrip.
The cyan ugly thing punches you. The cyan ugly thing shocks you!
You closely miss the cyan ugly thing. You block the cyan ugly thing's attack.
You closely miss the cyan ugly thing. You headbutt the cyan ugly thing.
The cyan ugly thing is lightly wounded.
You block the cyan ugly thing's attack.
You slash the cyan ugly thing!
The cyan ugly thing is lightly wounded.
The cyan ugly thing punches you!
* * * LOW HITPOINT WARNING * * *
The cyan ugly thing shocks you!
* * * LOW HITPOINT WARNING * * *
The kobold demonologist looks braver for a moment.
The cyan ugly thing punches you!
You die... ▓▓▓▓▓▓▓▓▓▓▓▓▓▓▓▓▓▓▓▓▓▓▓▓▓ ...Yc.Ku@....'..[[[)|..'. ▓▓▓▓▓▓▓▓▓▓▓▓▓▓▓▓▓▓▓▓▓▓▓▓▓

You could see a cyan ugly thing, a kobold demonologist, a yak and a centaur.

Vanquished Creatures
  A hungry ghost (D)
  An ice beast (D)
  2 centaurs (D)
  A phantom (D)
  A howler monkey (D)
  A crimson imp (D)
  A worker ant (D)
  2 adders (D)
  An orc (D)
  A bat skeleton (D)
  A bat zombie (D)
  A giant cockroach (D)
  3 hobgoblins (D)
  A bat (D)
18 creatures vanquished.

Notes
Turn   | Place    | Note
-------+----------+-------------------------------------------
     0 | D        | George the Minotaur Fighter began the quest for the Orb.
     0 | D        | Reached XP level 1. HP: 19/19 MP: 0/0
    29 | D        | Noticed a worker ant
    29 | D        | Noticed a centaur
    29 | D        | Noticed a centaur
    33 | D        | Reached XP level 2. HP: 24/28 MP: 1/1
    40 | D        | Killed a centaur
    40 | D        | Reached skill level 5 in Long Blades
    40 | D        | Reached XP level 3. HP: 29/38 MP: 2/2
    40 | D        | Reached XP level 4. HP: 35/45 MP: 3/3
    45 | D        | Killed a centaur
    45 | D        | Reached XP level 5. HP: 20/52 MP: 4/4
    63 | D        | Found a roughly hewn altar of Beogh.
    63 | D        | Found a snail-covered altar of Cheibriados.
    63 | D        | Found a shadowy altar of Dithmenos.
    63 | D        | Found a white marble altar of Elyvilon.
    63 | D        | Found a blossoming altar of Fedhas.
    63 | D        | Found an opulent altar of Gozag.
    64 | D        | Found a hazy altar of Hepliaklqana.
    65 | D        | Found a viscous altar of Jiyva.
    66 | D        | Found an ancient bone altar of Kikubaaqudgha.
    67 | D        | Became a worshipper of Cheibriados the Contemplative
    68 | D        | Found a corrupted altar of Lugonu.
    69 | D        | Found a burning altar of Makhleb.
    70 | D        | Found a sparkling altar of Nemelex Xobeh.
    71 | D        | Found an iron altar of Okawaru.
    72 | D        | Found a stormy altar of Qazlal.
    73 | D        | Found a sacrificial altar of Ru.
    74 | D        | Found a deep blue altar of Sif Muna.
    75 | D        | Found a bloodstained altar of Trog.
    76 | D        | Found a hide-covered altar of Uskayaw.
    77 | D        | Found a radiant altar of Vehumet.
    78 | D        | Found a shimmering altar of Xom.
    79 | D        | Found a basalt altar of Yredelemnul.
    80 | D        | Found a glowing silver altar of Zin.
    81 | D        | Found a glowing golden altar of the Shining One.
   236 | D        | Noticed a phantom
   236 | D        | Noticed a hungry ghost
   238 | D        | Reached skill level 1 in Dodging
   238 | D        | Reached skill level 1 in Invocations
   247 | D        | Killed a hungry ghost
   247 | D        | Reached * piety under Cheibriados
   247 | D        | Reached XP level 6. HP: 60/62 MP: 4/7
   259 | D        | Reached ** piety under Cheibriados
   316 | D        | Noticed a yak
   316 | D        | Noticed a cyan ugly thing
   316 | D        | Noticed a kobold demonologist
   316 | D        | Noticed an ice beast
   317 | D        | Reached *** piety under Cheibriados
   323 | D        | Killed an ice beast
   323 | D        | Reached XP level 7. HP: 70/70 MP: 7/9
   332 | D        | Slain by a cyan ugly thing

Vault maps used:
D:        linesprint

Skill      XL: |  1  2  3  4  5  6 |
---------------+-------------------+-----
Fighting       | 4 6 7 8 9 |  9.3
Armour         | 4 6 7 8 9 |  9.3
Shields        | 4 6 7 8 9 |  9.3
Long Blades    | 3 5 6 8 |  8.8
Dodging        | 3 4 |  4.3
Invocations    | 2 4 |  4.0

Action                   |  1- 3 |  4- 6 |  7- 9 || total
-------------------------+-------+-------+-------++-------
Melee: Long sword        |    24 |    60 |     6 ||    90
       Headbutt          |     3 |    19 |     3 ||    25
Invok: Bend Time         |       |       |     2 ||     2
  Use: Potion            |     1 |       |       ||     1
  Eat: Chunk             |       |     3 |       ||     3
Armor: Scale mail        |    10 |    23 |       ||    33
Dodge: Dodged            |     7 |     9 |       ||    16
Block: Shield            |    14 |    26 |     3 ||    43
